 Dungeon Crawl Stone Soup version 0.28-a0-245-g639a1a48b9 (webtiles) character file.

Game seed: 12879324936640723098

444 theanonym the Insei (level 7, -4/75 HPs)
             Began as an Octopode Monk on Aug 24, 2021.
             Slain by a sky beast (6 damage)
             ... on level 6 of the Dungeon.
             The game lasted 00:04:33 (4466 turns).

theanonym the Insei (Octopode Monk)                 Turns: 4466, Time: 00:04:34

Health: -4/75      AC: 27    Str: 13    XL:     7   Next: 3%
Magic:  7/7        EV:  2    Int: 12    God:
Gold:   217        SH:  0    Dex: 20    Spells: 6/6 levels left

rFire   . . .      SeeInvis .     - Unarmed
rCold   . . .      Faith    .   (no shield)
rNeg    + + +      Spirit   .   (helmet currently unavailable)
rPois   +          Reflect  .   (no amulet)
rElec   .          Harm     .   d - +6 ring of dexterity
rCorr   .          Rampage  .   g - +4 ring of protection
Will    .....      NoTele   +   m - ring of positive energy
Stlth   ++........              (no ring)
HPRegen 0.22/turn               (no ring)
MPRegen 0.10/turn               (no ring)
                                (no ring)
                                (no ring)

@: tree-form
A: stationary, stasis, torment immunity, boosted hp, almost no armour,
(amphibious), 8 rings, (camouflage 1), (gelatinous body 1), (nimble swimmer 1),
(tentacles), (tentacle spike 1), (fire resistance 1)
a: no special abilities


Innate Abilities, Weirdness & Mutations

You are a tree.
Your roots penetrate the ground, keeping you stationary.
You cannot be teleported.
You are immune to unholy pain and torment.
Your maximum health is greatly increased.
You cannot wear most types of armour.
((You are amphibious.))
You can wear up to eight rings at the same time.
((Your skin changes colour to match your surroundings (Stealth+).))
((Your rubbery body absorbs attacks. (AC +1, EV +1)))
((You are camouflaged near water. (Stealth+)))
((You have tentacles for arms and can constrict up to eight enemies at once.))
((One of your tentacles bears a spike.))
((Your flesh is heat resistant. (rF+)))


   Skills:
 + Level 5.0 Fighting
 - Level 3.0 Dodging
 - Level 2.6 Stealth
 * Level 6.5 Unarmed Combat


You had 6 spell levels left.
You didn't know any spells.
Your spell library contained the following spells:

 Spells                   Type           Power      Damage    Failure   Level
 Dazzling Flash           Conj/Hex       0%         N/A       69%         3
 Iskenderun's Mystic Bla  Conj/Tloc      0%         2d3       97%         4
 Starburst                Conj/Fire      0%         6d3       100%        6

Skill      XL: |  1  2  3  4  5  6 |
---------------+-------------------+-----
Unarmed Combat | 4 5 6 |  6.5
Fighting       | 4 5 |  5.0
Dodging        | |  3.0
Stealth        | |  2.6

Action                   |  1- 3 |  4- 6 |  7- 9 || total
-------------------------+-------+-------+-------++-------
Melee: Unarmed           |    62 |    94 |    15 ||   171
       Constrict         |    15 |    24 |       ||    39
       Tentacles         |     8 |    25 |     1 ||    34
       Punch             |     2 |     6 |     2 ||    10
  Use: Potion            |     2 |       |     2 ||     4
 Stab: Sleeping          |    11 |    13 |     1 ||    25
Armor: Skin              |     3 |    11 |     4 ||    18
Dodge: Dodged            |    25 |    61 |     4 ||    90

Inventory:

Armour
 o - a +0 hat
Jewellery
 d - a +6 ring of dexterity (left branch)
 g - a +4 ring of protection (right branch)
 l - a ring of fire
 m - a ring of positive energy (on tentacle)
 q - a ring of wizardry
Wands
 i - a wand of mindburst (9)
Scrolls
 a - 6 scrolls of identify {unknown}
 b - a scroll of brand weapon {unknown}
 f - a scroll of fog {unknown}
 j - a scroll of immolation {unknown}
 k - a scroll of vulnerability {unknown}
 n - a scroll of amnesia {unknown}
Potions
 c - a potion of attraction
 e - a potion of mutation
 p - a potion of flight {unknown}
 w - 2 potions of curing


You were on level 6 of the Dungeon.
You were a tree.
You visited 1 branch of the dungeon, and saw 6 of its levels.

You collected 217 gold pieces.

Dungeon Overview and Level Annotations

Branches:
Dungeon (6/15)
 Temple: D:4-7

Altars:
Elyvilon
Yredelemnul
Zin

Shops:
D:3 [

Annotations:
D:5 exclusion: phantom
D:6 exclusion: water moccasin

#...........#
#...........#
#...........#
#######.#...#
#.....#
#####.# #.#
######'#.#
#..)♣....#
#..{........$
#!.........##
#..........#
#..........#
#.......##.#
#######.. .#
... #


There were no monsters in sight!

Notes
Turn   | Place    | Note
-------+----------+-------------------------------------------
     0 | D:1      | theanonym the Octopode Monk began the quest for the Orb.
     0 | D:1      | Reached XP level 1. HP: 16/16 MP: 1/1
   149 | D:1      | Reached XP level 2. HP: 14/21 MP: 2/2
   626 | D:1      | Reached XP level 3. HP: 26/26 MP: 3/3
  1084 | D:2      | Found a white marble altar of Elyvilon.
  1136 | D:2      | Noticed Terence
  1146 | D:2      | HP: 10/26 [Terence (9)]
  1148 | D:2      | Killed Terence
  1149 | D:2      | Reached skill level 4 in Unarmed Combat
  1291 | D:2      | Reached XP level 4. HP: 32/32 MP: 4/4
  2040 | D:3      | Found Cuci's Armour Shop.
  2137 | D:3      | Found a glowing silver altar of Zin.
  2608 | D:3      | Found a basalt altar of Yredelemnul.
  2686 | D:4      | Reached skill level 4 in Fighting
  2686 | D:4      | Reached XP level 5. HP: 37/37 MP: 5/5
  3105 | D:4      | Reached skill level 5 in Unarmed Combat
  3207 | D:5      | Entered Level 5 of the Dungeon
  3538 | D:5      | Noticed a phantom
  4009 | D:6      | Reached XP level 6. HP: 25/44 MP: 6/6
  4173 | D:6      | Reached skill level 6 in Unarmed Combat
  4289 | D:6      | Noticed a water moccasin
  4325 | D:6      | Reached skill level 5 in Fighting
  4325 | D:6      | Reached XP level 7. HP: 33/50 MP: 7/7
  4459 | D:6      | HP: 25/50 [something (5)]
  4463 | D:6      | HP: 10/50 [something (6)]
  4464 | D:6      | Gained mutation: Your flesh is heat resistant. (rF+)
                  | [potion of mutation]
  4464 | D:6      | Gained mutation: One of your tentacles bears a spike.
                  | [potion of mutation]
  4464 | D:6      | HP: 2/50 [something (6)]
  4466 | D:6      | Slain by a sky beast

Vanquished Creatures
  A centaur (D:6)
  3 wights (D:6)
  A hound (D:6)
  Terence (D:2)
  2 iguanas
  A hound skeleton (D:5)
  A howler monkey zombie (D:3)
  3 adders
  A howler monkey skeleton (D:6)
  A worm (D:5)
  A dart slug (D:1)
  6 orcs
  3 ball pythons
  5 endoplasms
  4 giant cockroaches
  6 goblins
  7 hobgoblins
  5 bats
  4 frilled lizards
  5 kobolds
  9 rats
70 creatures vanquished.

Table legend: (Time is in decaauts)
 A = Elapsed time spent in this place.
 B = Non-inter-level travel time spent in this place.
 C = Inter-level travel time spent in this place.
 D = Time resting spent in this place.
 E = Time spent auto-exploring this place.
 F = Levels seen in this place.
 G = Mean time per level.
                   A        B        C        D        E       F      G
               +--------+--------+--------+--------+--------+-----+--------+
         Total |   4450 |   4318 |    132 |    917 |   2858 |   6 |  741.7 |
       Dungeon |   4450 |   4318 |    132 |    917 |   2858 |   6 |  741.7 |
               +--------+--------+--------+--------+--------+-----+--------+

Top non-repeatable levels by time:
     D:1: 1032 daAuts
     D:2: 892 daAuts
     D:3: 736 daAuts
     D:5: 633 daAuts
     D:6: 618 daAuts
     D:4: 537 daAuts
